 Dungeon Crawl Stone Soup version 0.19.4-8-ga85b6b9 (webtiles) character file.

9656 empire the Fighter (level 11, 0/94 HPs)
             Began as a Yellow Draconian Monk on Feb 13, 2017.
             Was a Priest of Nemelex Xobeh.
             Slain by a komodo dragon (20 damage)
             ... on level 10 of the Dungeon.
             The game lasted 00:36:56 (9338 turns).

empire the Fighter (Yellow Draconian Monk)          Turns: 9338, Time: 00:36:57

Health: 0/94       AC: 13    Str: 13    XL:     11   Next: 25%
Magic:  15/15      EV: 18    Int: 12    God:    Nemelex Xobeh [***...]
Gold:   67         SH:  4    Dex: 19    Spells: 1 memorised, 11 levels left

rFire  . . .     SeeInvis .     b - +2 rapier (holy)
rCold  . . .     Gourm    .     (armour unavailable)
rNeg   . . .     Faith    .     (no shield)
rPois  .         Spirit   .     (helmet restricted)
rElec  .         Reflect  +     (no cloak)
rCorr  +         Harm     .     n - +2 pair of gloves
MR     .....                    e - +2 pair of boots {Stlth+}
Stlth  +++++.....               v - +4 amulet of reflection
                                (no ring)
                                C - +3 ring of dexterity

@: short of breath
A: spit acid, acid resistance, unfitting armour, regeneration 1, cold-blooded,
AC +7
a: Spit Acid, Triple Draw, Renounce Religion


You were on level 10 of the Dungeon.
You worshipped Nemelex Xobeh.
Nemelex Xobeh was most pleased with you.
You were hungry.

You visited 3 branches of the dungeon, and saw 12 of its levels.

You collected 859 gold pieces.
You spent 792 gold pieces at shops.

Inventory:

Hand Weapons
 a - a +2 shortbow of freezing
 b - a +2 rapier of holy wrath (weapon)
 A - a +0 scimitar
 B - a +0 short sword
 D - a +0 long sword
 J - a cursed -1 mace
Missiles
 E - 27 arrows
Armour
 e - a +2 pair of boots of stealth (worn)
 n - a +2 pair of gloves (worn)
Magical Staves
 F - an uncursed staff of power {unknown}
Jewellery
 u - an uncursed amulet of rage
 v - a +4 amulet of reflection (around neck)
 C - a +3 ring of dexterity (left hand)
Wands
 g - a wand of lightning (7/15)
 o - a wand of slowing (17/48)
 y - a wand of polymorph (15/24)
 z - a wand of acid (3/15)
 M - a wand of iceblast (0/15)
 S - a wand of flame (14/48)
Scrolls
 w - a scroll of remove curse
 H - 2 scrolls of enchant armour
 I - a scroll of amnesia
 L - a scroll of fog
Potions
 h - 3 potions of cancellation
 i - a potion of cure mutation
 k - 3 potions of might
 l - 3 potions of curing
 p - 2 potions of mutation
 q - 3 potions of brilliance
 r - 3 potions of magic
 s - a potion of berserk rage
 R - a potion of degeneration {unknown}
 U - a potion of resistance {unknown}
 X - a potion of flight {unknown}
Books
 x - a book of Necromancy

   Spells                             Type                      Level
   a - Pain                           Necromancy                   1
   b - Animate Skeleton               Necromancy                   1
   c - Vampiric Draining              Necromancy                   3
   d - Regeneration                   Charms/Necromancy            3
   e - Animate Dead                   Necromancy                   4
   f - Control Undead                 Necromancy                   4
 K - a book of Transfigurations

   Spells                             Type                      Level
   a - Irradiate                      Conjuration/Transmutation    5
   b - Statue Form                    Transmutation/Earth          6
   c - Hydra Form                     Transmutation                6
   d - Dragon Form                    Transmutation                7
 O - a book of Power

   Spells                             Type                      Level
   a - Fulminant Prism                Conjuration/Hexes            4
   b - Iskenderun's Mystic Blast      Conjuration                  4
   c - Venom Bolt                     Conjuration/Poison           5
   d - Bolt of Magma                  Conjuration/Fire/Earth       5
   e - Iron Shot                      Conjuration/Earth            6
   f - Orb of Destruction             Conjuration                  7
   g - Spellforged Servitor           Conjuration/Summoning        7
 Q - a book of Conjurations

   Spells                             Type                      Level
   a - Magic Dart                     Conjuration                  1
   b - Searing Ray                    Conjuration                  2
   c - Dazzling Spray                 Conjuration/Hexes            3
   d - Fulminant Prism                Conjuration/Hexes            4
   e - Iskenderun's Mystic Blast      Conjuration                  4
   f - Iskenderun's Battlesphere      Conjuration/Charms           5
Miscellaneous
 V - a plain deck of destruction {drawn: 12}
 W - a phial of floods (inert)
Comestibles
 c - 3 bread rations
 d - 2 slices of pizza
 f - 6 fruits
 j - 3 beef jerkies
 m - 6 meat rations
 t - a royal jelly
 G - 2 chunks of flesh


   Skills:
 + Level 8.2 Fighting
 + Level 8.1 Short Blades
 + Level 7.2 Dodging
 + Level 7.9 Stealth
 - Level 2.0 Spellcasting
 - Level 5.4 Necromancy
 + Level 5.5 Invocations
 + Level 5.7 Evocations


You had 11 spell levels left.
You knew the following spells:

 Your Spells              Type           Power        Failure   Level  Hunger
a - Vampiric Draining     Necr           ##........   12%         3    ####...


Dungeon Overview and Level Annotations

Branches:
Dungeon (10/15)            Temple (1/1) D:7             Orc (1/2) D:9
   Lair: D:8-11

Altars:
Ashenzari
Cheibriados
Dithmenos
Elyvilon
Fedhas
Gozag
Hepliaklqana
Kikubaaqudgha
Makhleb
Nemelex Xobeh
Okawaru
Qazlal
Ru
Sif Muna
Trog
Uskayaw
Vehumet
Xom
Yredelemnul
Zin
The Shining One

Shops:
D:4 %[%   Orc:1 *}}


Innate Abilities, Weirdness & Mutations

You can spit globs of acid.
You are resistant to acid.
Your golden yellow scales are hard. (AC +7)
You cannot fit into any form of body armour.
You are cold-blooded and may be slowed by cold attacks.
Your natural rate of healing is unusually fast.


Message History

You hit the wyvern zombie.
The wyvern zombie convulses.
You tail-slap the wyvern zombie.
The wyvern zombie is moderately damaged.
The komodo dragon bites you!! The wyvern zombie bites you!
* * * LOW HITPOINT WARNING * * *
You puncture the wyvern zombie!
The wyvern zombie convulses.
The wyvern zombie is severely damaged.
The komodo dragon bites you.
* * * LOW HITPOINT WARNING * * *
The wyvern zombie barely misses you.
Press: ? - help, Shift-Dir - straight line, f - komodo dragon
Aim: a komodo dragon (heavily wounded)
You spit a glob of acid.
The acid hits the komodo dragon.
The komodo dragon is splashed with acid.
The acid corrodes the komodo dragon!
The komodo dragon is almost dead.
You feel somewhat more hungry. The wyvern zombie closely misses you.
The komodo dragon bites you!!
You die...
Your body glows slightly and disappears.

....##...........
#................ .
#.^.........# ..
###.........# ..
###..........#
##(###.....#......## ##
#..........##...#<)###.
##..........##.####.....
......l@....##..........
......Z.....######......
............# #.....#
............# #.....#
............# #.....#
############# #.....#
#.....# #######


You could see a komodo dragon and a wyvern zombie.

Vanquished Creatures
  2 orc high priests (Orc:1)
  A hill giant (D:7)
  A two-headed ogre (D:8)
  A hippogriff (D:7)
  A wyvern (D:8)
  3 yaks (D:8)
  A warg (Orc:1)
  8 orc warriors
  2 sky beasts
  A black bear (D:8)
  A necrophage (D:7)
  An ice beast (D:8)
  8 ogres
  2 phantoms (D:8)
  A centaur (D:7)
  A crocodile (D:8)
  7 bullfrogs
  A gnoll sergeant (D:5)
  3 scorpions
  4 howler monkeys
  5 crimson imps
  3 bullfrog skeletons
  4 hounds
  A centaur skeleton (D:6)
  7 orc priests
  4 orc wizards
  2 iguanas
  2 worker ants
  A killer bee zombie (D:6)
  A hound skeleton (D:6)
  A worker ant zombie (D:6)
  3 gnolls
  12 adders
  A shadow imp (D:6)
  A white imp (D:7)
  An ooze (D:1)
  An adder zombie (D:7)
  An adder skeleton (D:7)
  A worm (D:3)
  3 dart slugs
  6 leopard geckos
  17 orcs
  7 giant cockroaches
  8 goblins
  10 hobgoblins
  7 jackals
  4 quokkas
  3 ball pythons
  4 bats
  4 frilled lizards
  A goblin skeleton (D:7)
  2 goblin zombies (D:7)
  A hobgoblin zombie (D:7)
  A jackal skeleton (D:4)
  A jackal zombie (D:6)
  9 kobolds
  A kobold skeleton (D:7)
  2 kobold zombies (D:7)
  A leopard gecko skeleton (D:4)
  2 orc skeletons (D:7)
  2 quokka zombies
  5 rats
203 creatures vanquished.

Vanquished Creatures (collateral kills)
  An ettin (Orc:1)
  An orc sorcerer (Orc:1)
  A rust devil (D:7)
  A troll (Orc:1)
  A hippogriff (D:9)
  A two-headed ogre (Orc:1)
  2 yaks (D:8)
  4 orc warriors
  An ogre (Orc:1)
  3 orc priests
  3 orc wizards
  15 orcs
34 creatures vanquished.

Vanquished Creatures (others)
  An orc warlord (Orc:1)
  A warg (Orc:1)
  An orc (Orc:1)
3 creatures vanquished.

Grand Total: 240 creatures vanquished

Notes
Turn   | Place    | Note
-------+----------+-------------------------------------------
     0 | D:1      | empire the Draconian Monk began the quest for the Orb.
     0 | D:1      | Reached XP level 1. HP: 19/19 MP: 1/1
   349 | D:1      | Reached XP level 2. HP: 26/26 MP: 2/2
   905 | D:1      | Reached XP level 3. HP: 30/31 MP: 3/3
  1210 | D:2      | Reached XP level 4. HP: 38/38 MP: 4/4
  2526 | D:3      | Found a bloodstained altar of Trog.
  2816 | D:4      | Reached XP level 5. HP: 45/45 MP: 5/5
  2865 | D:4      | Noticed an ogre
  2883 | D:4      | Killed an ogre
  3040 | D:4      | Found Kyeny's Food Boutique.
  3042 | D:4      | Reached XP level 6. HP: 51/51 MP: 6/6
  3071 | D:4      | Found Plog's Armour Shoppe.
  3089 | D:4      | Bought a +0 pair of gloves for 49 gold pieces
  3192 | D:4      | Found Zarphar's Food Emporium.
  3451 | D:5      | Entered Level 5 of the Dungeon
  3477 | D:5      | Reached skill level 5 in Short Blades
  3526 | D:5      | Your scales start taking on a golden yellow colour.
  3526 | D:5      | Reached XP level 7. HP: 60/60 MP: 7/7
  3761 | D:5      | Got a faintly glowing ring mail
  3832 | D:5      | Found a sacrificial altar of Ru.
  4100 | D:5      | Reached skill level 5 in Stealth
  4100 | D:5      | Reached skill level 1 in Spellcasting
  4100 | D:5      | Reached skill level 1 in Evocations
  4260 | D:6      | Reached skill level 5 in Fighting
  4542 | D:6      | Reached XP level 8. HP: 68/68 MP: 10/10
  4642 | D:6      | Reached skill level 5 in Dodging
  4647 | D:6      | Gained mutation: Your natural rate of healing is unusually fast. [mutagenic meat]
  4648 | D:6      | Gained mutation: You occasionally shout uncontrollably at your foes. [mutagenic meat]
  4649 | D:6      | Lost mutation: You occasionally shout uncontrollably at your foes. [mutagenic meat]
  4856 | D:6      | Learned a level 3 spell: Vampiric Draining
  5026 | D:7      | Found a glowing golden altar of the Shining One.
  5043 | D:7      | Reached skill level 1 in Necromancy
  5234 | D:7      | Found a staircase to the Ecumenical Temple.
  5250 | Temple   | Entered the Ecumenical Temple
  5438 | Temple   | Became a worshipper of Nemelex Xobeh the Trickster
  5438 | Temple   | Received a gift from Nemelex Xobeh
  5438 | Temple   | Reached * piety under Nemelex Xobeh
  5438 | Temple   | Received a gift from Nemelex Xobeh
  5438 | Temple   | Reached ** piety under Nemelex Xobeh
  5526 | D:7      | Noticed a hill giant
  5533 | D:7      | Killed a hill giant
  5533 | D:7      | Reached skill level 1 in Invocations
  5533 | D:7      | Reached XP level 9. HP: 75/75 MP: 12/12
  5730 | D:6      | Noticed a rust devil
  5730 | D:6      | Noticed a rust devil
  5753 | D:7      | Killed a rust devil
  6659 | D:8      | Reached XP level 10. HP: 59/84 MP: 13/13
  7447 | D:9      | Received a gift from Nemelex Xobeh
  7505 | D:9      | Reached *** piety under Nemelex Xobeh
  7817 | D:9      | Found a shadowy altar of Dithmenos.
  7817 | D:9      | Found an opulent altar of Gozag.
  7822 | D:9      | Found a faded altar of an unknown god.
  7824 | D:9      | Found an iron altar of Okawaru.
  7825 | D:9      | Found a faded altar of an unknown god.
  7935 | D:9      | Found a staircase to the Orcish Mines.
  7944 | Orc:1    | Entered Level 1 of the Orcish Mines
  8094 | Orc:1    | Received a gift from Nemelex Xobeh
  8106 | Orc:1    | Found Jeinocod's Assorted Antiques.
  8114 | Orc:1    | Bought 2 potions of curing for 186 gold pieces
  8114 | Orc:1    | Bought a scroll of identify for 62 gold pieces
  8114 | Orc:1    | Bought a scroll of identify for 62 gold pieces
  8114 | Orc:1    | Bought a scroll labeled ESA VEIGUS for 31 gold pieces
  8114 | Orc:1    | Bought a glowing white potion for 27 gold pieces
  8178 | Orc:1    | Reached skill level 5 in Evocations
  8292 | Orc:1    | Found Wuiz's Gadget Emporium.
  8292 | Orc:1    | Noticed an orc sorcerer
  8293 | Orc:1    | Noticed an orc high priest
  8295 | Orc:1    | Noticed a rust devil
  8295 | Orc:1    | Noticed a soul eater
  8295 | Orc:1    | Noticed an orc high priest
  8300 | Orc:1    | Paralysed by an orc sorcerer for 4 turns
  8303 | Orc:1    | Killed an orc sorcerer
  8304 | Orc:1    | Noticed a soul eater
  8304 | Orc:1    | Noticed a soul eater
  8306 | Orc:1    | Noticed an orange demon
  8308 | Orc:1    | Noticed a soul eater
  8315 | Orc:1    | Killed an orc high priest
  8315 | Orc:1    | Reached skill level 5 in Necromancy
  8320 | Orc:1    | Killed an orc high priest
  8333 | Orc:1    | Noticed an orc warlord
  8346 | Orc:1    | Killed an orc warlord
  8346 | Orc:1    | Reached skill level 5 in Invocations
  8346 | Orc:1    | Reached XP level 11. HP: 53/94 MP: 15/15
  8352 | Orc:1    | Noticed an ettin
  8381 | Orc:1    | Killed an ettin
  8643 | Orc:1    | Found Fyroimom's Gadget Shop.
  8652 | Orc:1    | Bought a wand of lightning (7/15) for 165 gold pieces
  8652 | Orc:1    | Bought a wand of acid (3/15) for 210 gold pieces
  8927 | D:9      | Found a hide-covered altar of Uskayaw.
  9026 | D:10     | Entered Level 10 of the Dungeon
  9338 | D:10     | Slain by a komodo dragon

Skill      XL: |  1  2  3  4  5  6  7  8  9 10 |
---------------+-------------------------------+-----
Stealth        | 2 3 4 5 6 7 |  7.9
Dodging        | 3 4 5 6 7 |  7.2
Short Blades   | 4 5 6 7 8 |  8.1
Fighting       | 4 5 6 8 |  8.2
Spellcasting   | 1 2 |  2.0
Evocations     | 1 3 4 5 |  5.7
Necromancy     | 2 3 5 |  5.4
Invocations    | 1 3 5 |  5.5

Action                   |  1- 3 |  4- 6 |  7- 9 | 10-12 || total
-------------------------+-------+-------+-------+-------++-------
Melee: Short sword       |    82 |    32 |       |       ||   114
       Tailslap          |     9 |    16 |    36 |    43 ||   104
       Rapier            |       |   137 |   229 |   259 ||   625
 Fire: Shortbow          |       |       |     3 |       ||     3
 Abil: Spit Acid         |       |       |     4 |     9 ||    13
Evoke: Deck              |       |       |    10 |    21 ||    31
       Wand              |       |       |     6 |     9 ||    15
       Phial of floods   |       |       |       |     1 ||     1
  Use: Scroll            |       |    12 |    13 |     7 ||    32
       Potion            |       |     2 |     1 |     6 ||     9
 Stab: Sleeping          |    10 |     8 |    16 |     5 ||    39
       Distracted        |       |       |     2 |       ||     2
  Eat: Chunk             |     1 |     7 |    14 |    10 ||    32
Armor: Skin              |    17 |    48 |    53 |    93 ||   211
Dodge: Dodged            |    52 |   119 |   143 |   173 ||   487
Block: Other             |       |       |    32 |    46 ||    78
       Reflection        |       |       |       |     1 ||     1
